 Dungeon Crawl Stone Soup version 0.28-a0-895-g6e5f11bd55 (webtiles) character file.

Game seed: 2703262689230908708

116 horus123 the Slasher (level 5, -2/31 HPs)
             Began as a Tengu Gladiator on Nov 22, 2021.
             Was a Follower of the Shining One.
             Slain by a sky beast (5 damage)
             ... on level 3 of the Dungeon.
             The game lasted 00:03:24 (2476 turns).

horus123 the Slasher (Tengu Gladiator)              Turns: 2476, Time: 00:03:25

Health: -2/31      AC:  4    Str: 14    XL:     5   Next: 1%
Magic:  6/6        EV: 15    Int:  9    God:    the Shining One [*.....]
Gold:   174        SH:  0    Dex: 16    Spells: 4/4 levels left

rFire   + + .      SeeInvis .   e - +3 whip (holy)
rCold   x . .      Faith    .   (no shield)
rNeg    . . .      Spirit   .   b - +1 leather armour
rPois   .          Reflect  .   c - +0 hat
rElec   .          Harm     .   (no cloak)
rCorr   .          Rampage  .   (no gloves)
Will    .....                   (boots unavailable)
Stlth   +.........              (no amulet)
HPRegen 0.10/turn               k - ring of fire
MPRegen 0.10/turn               g - ring of protection from fire

@: flying quickly and evasively, glowing, quick
A: beak, talons 3, nimble flight
a: Renounce Religion, Divine Shield


You were on level 3 of the Dungeon.
You worshipped the Shining One.
The Shining One was aware of your devotion.
You visited 1 branch of the dungeon, and saw 3 of its levels.

You collected 174 gold pieces.

Inventory:

Hand Weapons
 a - a +0 long sword of flaming
 e - a +3 whip of holy wrath (weapon)
Missiles
 d - 3 throwing nets (quivered)
Armour
 b - a +1 leather armour (worn)
 c - a +0 hat (worn)
Jewellery
 g - a ring of protection from fire (right hand)
 k - a ring of fire (left hand)
Scrolls
 h - a scroll of fear
Potions
 f - a potion of lignification {unknown}
 j - 3 potions of heal wounds {unknown}
 m - a potion of curing {unknown}


   Skills:
 + Level 2.4 Fighting
 + Level 4.4 Long Blades
 + Level 1.0 Maces & Flails
 + Level 2.3 Throwing
 + Level 1.7 Armour
 + Level 3.9 Dodging


You had 4 spell levels left.
You didn't know any spells.
Your spell library was empty.

Dungeon Overview and Level Annotations

Branches:
Dungeon (3/15)

Altars:
The Shining One


Innate Abilities, Weirdness & Mutations

You have a beak for a mouth.
You have claws for feet.
Your magical nature lets you fly swiftly and evasively.


Message History

No target in view!
Found 20 stones.
Things that are here:
a +0 dagger; 4 poisoned darts
g - a ring of protection from fire You now have 174 gold pieces (gained 17).
A sky beast comes into view.
A sky beast is nearby!
No target in view!
You feel more attuned to fire.
k - a ring of fire (left hand)
g - a ring of protection from fire (right hand)
The sky beast barely misses you.
You hit the sky beast. Your kick misses the sky beast.
The sky beast is lightly wounded.
The sky beast barely misses you.
You barely miss the sky beast.
You claw the sky beast, but do no damage.
The sky beast is lightly wounded.
The sky beast misses you.
You closely miss the sky beast. You claw the sky beast.
The sky beast is lightly wounded.
The sky beast hits you. The sky beast shocks you.
You hit the sky beast but do no damage.
The sky beast is lightly wounded.
The sky beast hits you. The sky beast shocks you.
You are too injured to fight recklessly!
You are too injured to fight recklessly!
You barely miss the sky beast.
The sky beast is lightly wounded.
The sky beast hits you. The sky beast shocks you.
* * * LOW HITPOINT WARNING * * *
You hit the sky beast.
You claw the sky beast, but do no damage.
Your peck misses the sky beast.
The sky beast is moderately wounded.
The sky beast hits you.
* * * LOW HITPOINT WARNING * * *
The sky beast shocks you.
You die...

,,,,,,,,,* *,,,,,,,,..#.# **
,,,,,,,,,* *******#+#.#.#
,,,,,,,,,* #.#.#.#
,,,,,,,,,***#######**###.#.#.####
,,,,,,,,,,,,,.....,,,..........).
,,,,,,,,>,,,,,....,,,..#.#.#.###.
,,,,,,,,,******..#****,*,#.#.# #.
,,,,,,,,,* *#Y# *,,,#...# #.
********** #@#####***###.# #.
#.....# #.# #.
##..##.#######.###.
#....#.#........##.
#########....#.#.#####..##.
#..............#.# #..##.
#...........#..#.# #..###
#...........#..#.# #..#
#...........##.#.# #..#


You could see a sky beast.

Vanquished Creatures
  5 adders
  2 worms (D:2)
  3 dart slugs
  3 endoplasms
  A giant cockroach (D:1)
  5 goblins
  5 hobgoblins
  4 jackals (D:1)
  3 quokkas
  8 ball pythons
  3 bats (D:2)
  3 frilled lizards
  7 kobolds
  8 rats
60 creatures vanquished.

Notes
Turn   | Place    | Note
-------+----------+-------------------------------------------
     0 | D:1      | horus123 the Tengu Gladiator began the quest for the Orb.
     0 | D:1      | Reached XP level 1. HP: 12/12 MP: 2/2
    63 | D:1      | Reached XP level 2. HP: 7/17 MP: 3/3
   322 | D:1      | Found a faded altar of an unknown god.
   347 | D:1      | Prayed at the altar of an unknown god.
   347 | D:1      | Became a worshipper of the Shining One
   347 | D:1      | Reached * piety under the Shining One
   631 | D:1      | Reached XP level 3. HP: 18/21 MP: 4/4
  1337 | D:2      | Reached skill level 4 in Long Blades
  1378 | D:2      | Reached skill level 1 in Armour
  1420 | D:2      | Reached XP level 4. HP: 19/27 MP: 5/5
  2330 | D:3      | Reached skill level 1 in Maces & Flails
  2401 | D:3      | Gained mutation: Your magical nature lets you fly swiftly
                  | and evasively. [Tengu growth]
  2401 | D:3      | Reached XP level 5. HP: 31/31 MP: 6/6
  2465 | D:3      | Noticed a sky beast
  2476 | D:3      | Slain by a sky beast

Illustrated notes

Levels and vault maps discovered:
D:1:      lightli_molten_gateway, layout_basic, chequers_ecumenical_altar_island
D:2:      minmay_evil_eye, layout_loops_ring
D:3:      layout_basic, uniq_grinder

Skill      XL: |  1  2  3  4 |
---------------+-------------+-----
Long Blades    | 4 |  4.4
Armour         | 1 |  1.7
Maces & Flails | 1 |  1.0
Fighting       | |  2.4
Throwing       | |  2.3
Dodging        | |  3.9

Action                   |  1- 3 |  4- 6 || total
-------------------------+-------+-------++-------
Melee: Long sword        |    55 |       ||    55
       Peck              |     8 |     6 ||    14
       Kick              |    13 |    20 ||    33
       Whip              |    10 |    50 ||    60
  Use: Scroll            |     1 |     8 ||     9
Armor: Leather armour    |    17 |     8 ||    25
Dodge: Dodged            |    42 |    33 ||    75

Table legend: (Time is in decaauts)
 A = Elapsed time spent in this place.
 B = Non-inter-level travel time spent in this place.
 C = Inter-level travel time spent in this place.
 D = Time resting spent in this place.
 E = Time spent auto-exploring this place.
 F = Levels seen in this place.
 G = Mean time per level.
                   A        B        C        D        E       F      G
               +--------+--------+--------+--------+--------+-----+--------+
         Total |   2492 |   2438 |     54 |      0 |   2075 |   3 |  830.7 |
       Dungeon |   2492 |   2438 |     54 |      0 |   2075 |   3 |  830.7 |
               +--------+--------+--------+--------+--------+-----+--------+

Top non-repeatable levels by time:
     D:1: 1200 daAuts
     D:2: 994 daAuts
     D:3: 298 daAuts
